 Dungeon Crawl Stone Soup version 0.22.0-38-g04b72b8 (webtiles) character file.

17894 leisz the Fighter (level 12, -14/100 HPs)
             Began as a Demonspawn Abyssal Knight on Aug 26, 2018.
             Was a High Priest of Lugonu.
             Demolished by an orc warrior
             ... wielding a cursed -1 halberd
             ... led by an orc knight
              (19 damage)
             ... on level 1 of the Orcish Mines on Aug 27, 2018.
             The game lasted 00:49:21 (16214 turns).

leisz the Fighter (Demonspawn Abyssal Knight)      Turns: 16214, Time: 00:49:22

Health: -14/100    AC: 17    Str: 14    XL:     12   Next: 22%
Magic:  0/17       EV: 15    Int: 16    God:    Lugonu [*****.]
Gold:   1031       SH:  0    Dex: 18    Spells: 11/11 levels left

rFire    + . .     SeeInvis .   O - +3 dire flail
rCold    . . .     Gourm    .   (shield currently unavailable)
rNeg     . . .     Faith    .   i - +0 ring mail
rPois    .         Spirit   +   r - +2 helmet
rElec    .         Reflect  .   I - +1 cloak
rCorr    .         Harm     .   J - +0 pair of gloves
MR       .....     Clarity  +   (no boots)
Stlth    +.........             (no amulet)
HPRegen  0.26/turn              D - +4 ring of dexterity
MPRegen  0.30/turn              y - ring of protection from fire

@: hasted, very quick
A: talons 2, slimy green scales 2, clarity, spiny 2, magic shield, magic
regeneration
a: Depart the Abyss, Bend Space, Banish, Corrupt, Enter the Abyss, Renounce
Religion


You were on level 1 of the Orcish Mines.
You worshipped Lugonu.
Lugonu was extremely pleased with you.
You were not hungry.

You visited 3 branches of the dungeon, and saw 13 of its levels.
You visited the Abyss 1 time.

You collected 1031 gold pieces.

Inventory:

Hand Weapons
 a - a +1 mace
 u - a +0 flail
 L - a +0 morningstar of protection
 O - a +3 dire flail (weapon)
Missiles
 d - 286 stones (quivered)
Armour
 i - a +0 ring mail (worn)
 r - a +2 helmet (worn)
 s - a +0 chain mail
 B - a +0 shield
 I - a +1 cloak (worn)
 J - a +0 pair of gloves (worn)
Jewellery
 k - a +6 ring of evasion {unknown}
 o - an uncursed ring of ice
 y - a ring of protection from fire (right hand)
 D - a +4 ring of dexterity (left hand)
Wands
 j - a wand of acid (2)
 x - a wand of random effects (70)
 C - a wand of enslavement (20)
 K - a wand of paralysis (6)
 N - a wand of iceblast (3)
Scrolls
 b - 4 scrolls of teleportation
 h - a scroll of fear
 m - 4 scrolls of remove curse
 p - 2 scrolls of fog {unknown}
 q - 2 scrolls of blinking {unknown}
 w - a scroll of enchant weapon {unknown}
 z - 2 scrolls of enchant armour
 A - a scroll of summoning {unknown}
 E - 2 scrolls of immolation {unknown}
 G - 4 scrolls of identify
 H - 3 scrolls of magic mapping {unknown}
 P - a scroll of amnesia
Potions
 e - a potion of cancellation
 f - 2 potions of lignification
 l - 2 potions of brilliance {unknown}
 n - 3 potions of mutation
 t - 5 potions of curing
 v - 3 potions of heal wounds {unknown}
Comestibles
 c - 5 rations
 F - 8 chunks of flesh


   Skills:
 + Level 11.1 Fighting
 + Level 10.1 Maces & Flails
 + Level 10.0 Armour
 - Level 6.1 Dodging
 - Level 7.0 Invocations


You had 11 spell levels left.
You didn't know any spells.
Your spell library contained the following spells:

 Spells                   Type           Power        Failure   Level  Hunger
 Beastly Appendage        Tmut           #.....       41%         1    ##.....
 Flame Tongue             Conj/Fire      #....        41%         1    ##.....
 Freeze                   Ice            #...         41%         1    ##.....
 Sticks to Snakes         Tmut           #.......     54%         2    ###....
 Throw Flame              Conj/Fire      #.....       54%         2    ###....
 Throw Frost              Conj/Ice       #.....       54%         2    ###....
 Conjure Flame            Conj/Fire      #.......     78%         3    ####...
 Inner Flame              Hex/Fire       #.......     78%         3    ####...
 Ozocubu's Armour         Chrm/Ice       #.......     78%         3    ####...
 Spider Form              Tmut/Pois      #.........   78%         3    ####...
 Ice Form                 Ice/Tmut       #.......     99%         4    #####..
 Sticky Flame             Conj/Fire      #.......     99%         4    #####..
 Summon Ice Beast         Ice/Summ       #.......     99%         4    #####..
 Throw Icicle             Conj/Ice       #.......     99%         4    #####..
 Blade Hands              Tmut           #.........   100%        5    ######.
 Fireball                 Conj/Fire      #.........   100%        5    ######.


Dungeon Overview and Level Annotations

Branches:
Dungeon (10/15)            Temple (1/1) D:7            Lair (0/6) D:8
    Orc (2/2) D:10
    Elf: Orc:2

Altars:
Elyvilon
Fedhas
Gozag
Hepliaklqana
Kikubaaqudgha
Okawaru
Qazlal
Ru
Uskayaw
Xom
Yredelemnul

Annotations:
Orc:2 corrupted


Innate Abilities, Weirdness & Mutations

You have razor-sharp toenails.
You are mostly covered in slimy green scales. (AC +3)
You are mostly covered in sharp spines.
When hurt, damage is shared between your health and your magic reserves.
You regenerate magic rapidly.
You possess an exceptional clarity of mind.


Message History

You kill the orc warrior!
Lugonu accepts your kill.
The orc warrior no longer looks unusually strong.
The orc is struck by your spines.
You kill the orc!
Lugonu accepts your kill.
The orc priest hits you but does no damage.
The orc warrior is struck by your spines.
The orc warrior hits you with a halberd.
* * * LOW HITPOINT WARNING * * *
Items here: )))))))))) [[[[ † You puncture the orc priest!
You kill the orc priest!
Lugonu accepts your kill.
You hit the orc.
The orc is moderately wounded.
Something hits you but does no damage.
The orc warrior is struck by your spines.
The orc warrior hits you with a halberd!!
You die...

.##....######
##.....# #.##
....#..# ###.##
....#.####...<##
..#######......#
...#..##.......#
..)..####......####
..#)...#...##..##>#
###.)(...####..o@####
# ###....####...o)..#
# #....((..###.....##
###..##.....).....##
.#...##.........###
....###........##
...#.#####..####
..(### #.## ##.# #.#


You could see an orc warrior and an orc.

Vanquished Creatures
  Nessos (Orc:2)
  Erica (D:10)
  3 two-headed ogres
  4 death yaks
  An orc knight (Orc:1)
  A cyclops (Orc:1)
  A manticore (D:7)
  A centaur zombie (D:10)
  An efreet (D:10)
  A troll (D:10)
  4 hippogriffs
  A vampire (D:7)
  4 yaks (D:9)
  Sigmund (D:2)
  A wyvern (D:10)
  Menkaure (D:7)
  A hungry ghost (D:9)
  4 wargs
  Edmund (D:4)
  2 water moccasins
  7 sky beasts
  3 black bears
  3 ice beasts
  13 orc warriors
  3 centaurs
  12 ogres
  A crocodile (D:10)
  5 big kobolds (D:10)
  5 bullfrogs
  3 gnoll sergeants
  3 scorpions
  12 wights
  10 killer bees
  4 crimson imps
  3 hounds
  A quasit (D:5)
  2 bullfrog zombies
  2 jellies
  10 orc priests
  11 orc wizards
  Ijyb (D:5)
  2 bullfrog skeletons
  3 iguanas
  Natasha (D:2)
  11 worker ants
  A killer bee zombie (D:6)
  A hound zombie (D:9)
  A hound skeleton (D:9)
  A howler monkey zombie (D:9)
  Robin (D:2)
  A worker ant zombie (D:9)
  9 gnolls
  11 adders
  8 shadow imps
  An ooze (D:2)
  An adder skeleton (D:4)
  2 worms (D:2)
  6 leopard geckos
  52 orcs
  A ball python (D:4)
  9 giant cockroaches
  17 goblins
  7 hobgoblins
  22 jackals
  11 kobolds
  10 quokkas
  10 bats
  5 frilled lizards
  A leopard gecko skeleton (D:5)
  A quokka skeleton (D:8)
  9 rats
365 creatures vanquished.

Vanquished Creatures (others)
  An orc (D:5)
1 creature vanquished.

Grand Total: 366 creatures vanquished

Notes
Turn   | Place    | Note
-------+----------+-------------------------------------------
     0 | Abyss:1  | leisz the Demonspawn Abyssal Knight began the quest for the Orb.
     0 | Abyss:1  | Reached XP level 1. HP: 18/18 MP: 2/2
    96 | Abyss:1  | Noticed a small abomination
   140 | Abyss:1  | Noticed a neqoxec
   154 | Abyss:1  | Gained mutation: You possess an exceptional clarity of mind. [a neqoxec]
   155 | Abyss:1  | Noticed a jelly
   155 | Abyss:1  | a hobgoblin changed into a jelly
   155 | Abyss:1  | Noticed a chaos spawn
   155 | Abyss:1  | Noticed a chaos spawn
   164 | Abyss:1  | Noticed a ynoxinul
   168 | Abyss:1  | Noticed an iron imp
   168 | Abyss:1  | Noticed an ancient zyme
   171 | Abyss:1  | Noticed a neqoxec
   173 | D:1      | Escaped the Abyss
   295 | D:1      | Reached skill level 1 in Dodging
   443 | D:1      | Reached * piety under Lugonu
   469 | D:1      | Gained mutation: You are partially covered in sharp spines. [demonic ancestry]
   469 | D:1      | Reached XP level 2. HP: 22/24 MP: 4/4
   955 | D:2      | Reached XP level 3. HP: 29/29 MP: 5/5
  1301 | D:2      | Gained mutation: You are partially covered in slimy green scales. (AC +2) [demonic ancestry]
  1301 | D:2      | Reached XP level 4. HP: 22/35 MP: 6/6
  1584 | D:2      | Noticed Sigmund
  1600 | D:2      | Killed Sigmund
  1600 | D:2      | Reached skill level 4 in Fighting
  1600 | D:2      | Gained mutation: You are mostly covered in slimy green scales. (AC +3) [demonic ancestry]
  1600 | D:2      | Reached XP level 5. HP: 26/42 MP: 7/7
  1614 | D:2      | Noticed Robin
  1716 | D:2      | Reached ** piety under Lugonu
  1720 | D:2      | Killed Robin
  1880 | D:2      | Gained mutation: When hurt, damage is shared between your health and your magic reserves. [demonic ancestry]
  1880 | D:2      | Reached XP level 6. HP: 47/48 MP: 8/8
  2030 | D:2      | Found a shimmering altar of Xom.
  2032 | D:2      | Found a shimmering altar of Xom.
  2032 | D:2      | Found a stormy altar of Qazlal.
  2035 | D:2      | Found a white marble altar of Elyvilon.
  2035 | D:2      | Found a hazy altar of Hepliaklqana.
  2035 | D:2      | Found a basalt altar of Yredelemnul.
  2149 | D:2      | Found an ancient bone altar of Kikubaaqudgha.
  2172 | D:2      | Found a blossoming altar of Fedhas.
  2173 | D:2      | Noticed Natasha
  2182 | D:2      | Killed Natasha
  2714 | D:3      | Reached *** piety under Lugonu
  2865 | D:3      | Found an iron altar of Okawaru.
  3069 | D:3      | Found a hide-covered altar of Uskayaw.
  3519 | D:4      | Noticed Edmund
  3543 | D:4      | Killed Edmund
  3543 | D:4      | Reached XP level 7. HP: 18/55 MP: 4/9
  3808 | D:4      | Found a sacrificial altar of Ru.
  4016 | D:5      | Entered Level 5 of the Dungeon
  4202 | D:5      | Reached skill level 5 in Fighting
  4958 | D:5      | Noticed Ijyb
  5014 | D:5      | Gained mutation: You are mostly covered in sharp spines. [demonic ancestry]
  5014 | D:5      | Reached XP level 8. HP: 18/62 MP: 6/10
  5278 | D:5      | Killed Ijyb
  5885 | D:6      | Reached **** piety under Lugonu
  6494 | D:6      | Reached skill level 5 in Maces & Flails
  6494 | D:6      | Reached skill level 5 in Armour
  7215 | D:6      | Reached skill level 6 in Fighting
  7224 | D:6      | HP: 1/64 [orc warrior/short sword (12)]
  7579 | D:7      | Reached skill level 5 in Dodging
  7630 | D:7      | Noticed a hippogriff
  7648 | D:7      | Killed a hippogriff
  7660 | D:7      | Reached skill level 5 in Invocations
  7660 | D:7      | Gained mutation: You have sharp toenails. [demonic ancestry]
  7660 | D:7      | Reached XP level 9. HP: 60/69 MP: 12/12
  7696 | D:7      | Noticed a manticore
  7708 | D:7      | Killed a manticore
  7824 | D:7      | Found a staircase to the Ecumenical Temple.
  8091 | D:7      | Noticed Menkaure
  8099 | D:7      | HP: 2/71 [something (4)]
  8691 | D:7      | Killed Menkaure
  8691 | D:7      | Reached skill level 7 in Fighting
  9028 | D:7      | Found an opulent altar of Gozag.
  9694 | D:8      | Reached XP level 10. HP: 71/79 MP: 13/15
  9737 | D:8      | Noticed a death yak
  9745 | D:8      | Noticed a death yak
  9775 | D:8      | Killed a death yak
 10286 | D:8      | Noticed a death yak
 10291 | D:8      | Noticed a death yak
 10292 | D:8      | Noticed a death yak
 10343 | D:7      | HP: 3/80 [death yak (3)]
 10344 | D:7      | Killed a death yak
 10344 | D:7      | Reached skill level 8 in Fighting
 10707 | D:8      | Found a staircase to the Lair.
 10861 | D:8      | Noticed a death yak
 10985 | D:7      | Killed a death yak
 10985 | D:7      | Reached ***** piety under Lugonu
 11279 | Temple   | Entered the Ecumenical Temple
 11451 | D:9      | Reached skill level 9 in Fighting
 11676 | D:9      | Killed a death yak
 11676 | D:9      | Gained mutation: You have razor-sharp toenails. [demonic ancestry]
 11676 | D:9      | Reached XP level 11. HP: 53/89 MP: 8/16
 11907 | D:9      | Found a hazy altar of Hepliaklqana.
 12800 | D:10     | Entered Level 10 of the Dungeon
 13228 | D:10     | Noticed Erica
 13249 | D:10     | Killed Erica
 13293 | D:10     | Reached skill level 10 in Fighting
 13512 | D:10     | Found a staircase to the Orcish Mines.
 14356 | Orc:1    | Entered Level 1 of the Orcish Mines
 15076 | Orc:2    | Entered Level 2 of the Orcish Mines
 15077 | Orc:2    | Noticed Nessos
 15200 | Orc:2    | Killed Nessos
 15379 | Orc:2    | Noticed a two-headed ogre
 15387 | Orc:2    | Killed a two-headed ogre
 15387 | Orc:2    | Gained mutation: You regenerate magic rapidly. [demonic ancestry]
 15387 | Orc:2    | Reached XP level 12. HP: 67/99 MP: 12/17
 15509 | Orc:2    | Noticed a two-headed ogre
 15510 | Orc:2    | Noticed a two-headed ogre
 15741 | Orc:2    | Corrupted Orc:2
 15741 | Orc:2    | Noticed a starcursed mass
 15741 | Orc:2    | Noticed a starcursed mass
 15749 | Orc:1    | Killed a two-headed ogre
 15756 | Orc:1    | Killed a two-headed ogre
 15756 | Orc:1    | Reached skill level 11 in Fighting
 16089 | Orc:1    | Reached skill level 10 in Maces & Flails
 16098 | Orc:2    | Noticed a two-headed ogre
 16193 | Orc:2    | Noticed an ogre mage
 16206 | Orc:1    | Reached skill level 10 in Armour
 16210 | Orc:1    | HP: 5/100 [orc warrior/halberd[an orc knight] (5)]
 16214 | Orc:1    | Demolished by an orc warrior

Skill      XL: |  1  2  3  4  5  6  7  8  9 10 11 12 |
---------------+-------------------------------------+-----
Dodging        | 1 2 3 4 5 6 |  6.1
Maces & Flails | 2 3 4 5 6 8 9 10 | 10.1
Armour         | 2 3 4 5 6 8 9 10 | 10.0
Fighting       | 4 5 6 7 9 10 11 | 11.1
Invocations    | 5 7 |  7.0

Action                   |  1- 3 |  4- 6 |  7- 9 | 10-12 || total
-------------------------+-------+-------+-------+-------++-------
Melee: Mace              |    87 |   112 |       |       ||   199
       Flail             |       |    56 |   319 |   250 ||   625
       Kick              |       |       |    35 |   210 ||   245
       Dire flail        |       |       |       |   238 ||   238
       Morningstar       |       |       |       |    54 ||    54
Throw: Stone             |    15 |    45 |    58 |    41 ||   159
       Tomahawk          |       |       |    10 |    17 ||    27
Invok: Depart the Abyss  |     1 |       |       |       ||     1
       Bend Space        |       |       |     3 |     1 ||     4
       Banish            |       |       |       |     1 ||     1
       Corrupt           |       |       |       |     1 ||     1
Evoke: Wand              |       |       |       |     4 ||     4
  Use: Scroll            |       |     8 |     8 |       ||    16
       Potion            |       |       |     1 |     3 ||     4
 Stab: Paralysed         |       |       |       |     7 ||     7
  Eat: Chunk             |     1 |     8 |     3 |     8 ||    20
       Ration            |       |       |     5 |     5 ||    10
Armor: Ring mail         |    35 |    66 |   172 |   168 ||   441
       Leather armour    |     2 |       |       |       ||     2
Dodge: Dodged            |    53 |    93 |   220 |   336 ||   702
